 Dungeon Crawl Stone Soup version 0.29-a0-221-gceb61267dd (webtiles) character file.

Game seed: 13418616872398837928

86 igorguim the Shooter (level 4, -1/38 HPs)
             Began as a Minotaur Hunter on Feb 27, 2022.
             Slain by a river rat (5 damage)
             ... on level 3 of the Dungeon.
             The game lasted 00:05:24 (973 turns).

igorguim the Shooter (Minotaur Hunter)               Turns: 973, Time: 00:05:25

Health: -1/38      AC:  4    Str: 19    XL:     4   Next: 26%
Magic:  3/3        EV: 13    Int: 11    God:
Gold:   78         SH:  0    Dex: 16    Spells: 3/3 levels left

rFire   x . .      SeeInvis .   a - +1 shortbow
rCold   . . .      Faith    .   (shield currently unavailable)
rNeg    . . .      Spirit   .   b - +0 leather armour
rPois   .          Reflect  .   (helmet restricted)
rElec   .          Harm     .   (no cloak)
rCorr   .          Rampage  .   g - +0 pair of gloves
Will    +....                   (no boots)
Stlth   +.........              (no amulet)
HPRegen 0.12/turn               h - ring of Midwinter {rF- Will+ Str+2 Int+3 Dex+6}
MPRegen 0.08/turn               (no ring)

@: no status effects
A: horns 2, retaliatory headbutt, weak 1
a: no special abilities


You were on level 3 of the Dungeon.
You visited 1 branch of the dungeon, and saw 3 of its levels.
You also visited: Sewer.

You collected 78 gold pieces.

Inventory:

Hand Weapons
 a - a +1 shortbow (weapon)
Armour
 b - a +0 leather armour (worn)
 g - a +0 pair of gloves (worn)
Jewellery
 h - the ring of Midwinter (left hand) {rF- Will+ Str+2 Int+3 Dex+6}
   (You found it on level 2 of the Dungeon)

   [ring of dexterity]

   Str:       It affects your strength (+2).
   Int:       It affects your intelligence (+3).
   Dex:       It affects your dexterity (+6).
   rF:        It makes you vulnerable to fire.
   Will:      It increases your willpower.
Scrolls
 c - a scroll of identify {unknown}
 e - 2 scrolls of noise
 i - a scroll of amnesia {unknown}
 k - 2 scrolls of blinking {unknown}
 l - a scroll of enchant armour {unknown}
Potions
 d - a potion of heal wounds {unknown}
 f - a potion of curing
 j - 5 potions of flight


   Skills:
 + Level 3.4 Fighting
 * Level 5.5 Bows
 + Level 3.1 Dodging
 - Level 0.7 Stealth


You had 3 spell levels left.
You didn't know any spells.
Your spell library contained the following spells:

 Spells                   Type           Power      Damage    Failure   Level
 Summon Forest            Summ/Tloc      0%         N/A       100%        5
 Summon Mana Viper        Hex/Summ       0%         N/A       100%        5
 Summon Cactus Giant      Summ           0%         N/A       100%        6


Dungeon Overview and Level Annotations

Branches:
Dungeon (2/15)              Sewer (visited)

Altars:

Shops:
D:1 [


Innate Abilities, Weirdness & Mutations

You have a pair of horns on your head.
You reflexively headbutt those who attack you in melee.
You are weak. (Str -2)


Message History

The river rat is moderately wounded.
The river rat bites you.
* * * LOW HITPOINT WARNING * * *
The river rat misses you. The river rat closely misses you.
It was a potion of curing.
You feel better. The river rat bites you. x2
* * * LOW HITPOINT WARNING * * *
Shoot: a) +1 shortbow
Press: ? - help, Shift-Dir - straight line, f/p - river rat
Aim: a river rat (moderately wounded, 61% to hit)
You shoot an arrow. The arrow closely misses the river rat.
The river rat barely misses you. You furiously retaliate!
You headbutt the river rat!
You kill the river rat!
The river rat bites you.
* * * LOW HITPOINT WARNING * * *
Shoot: a) +1 shortbow
Press: ? - help, Shift-Dir - straight line, f - river rat
Aim: a river rat (61% to hit)
You shoot an arrow. The arrow closely misses the river rat.
The river rat bites you.
* * * LOW HITPOINT WARNING * * *
Shoot: a) +1 shortbow
Press: ? - help, Shift-Dir - straight line, f/p - river rat
Aim: a river rat (61% to hit)
You shoot an arrow. The arrow hits the river rat.
The river rat is lightly wounded.
The river rat misses you.
Shoot: a) +1 shortbow
Press: ? - help, Shift-Dir - straight line, f/p - river rat
Aim: a river rat (lightly wounded, 61% to hit)
You shoot an arrow. The arrow hits the river rat!
The river rat is almost dead.
The river rat misses you. The river rat bites you.
* * * LOW HITPOINT WARNING * * *
Shoot: a) +1 shortbow
Press: ? - help, Shift-Dir - straight line, f/p - river rat
Aim: a river rat (almost dead, 61% to hit)
You shoot an arrow. The arrow barely misses the river rat.
The river rat bites you.
You die...

#.... ......
....# ....# ....#
############...#
##.≈≈≈≈≈r≈≈≈....#
#..≈≈≈≈@≈≈≈≈....#
#..≈≈≈≈≈≈≈≈≈÷...#
#.###########...#
#..........#
#..........#
#..........#
#.#......### #
#.≈≈.≈.#
....≈≈.P..


You could see a river rat.

Vanquished Creatures
  A howler monkey zombie (D:3)
  An adder (Sewer)
  2 river rats
  A dart slug (D:1)
  5 bats (Sewer)
  An endoplasm (D:1)
  4 giant cockroaches
  2 goblins (D:1)
  2 hobgoblins (D:1)
  2 jackals (Sewer)
  3 kobolds
  7 quokkas
  9 ball pythons
  3 frilled lizards
  A rat (D:2)
44 creatures vanquished.

Notes
Turn   | Place    | Note
-------+----------+-------------------------------------------
     0 | D:1      | igorguim the Minotaur Hunter began the quest for the Orb.
     0 | D:1      | Reached XP level 1. HP: 18/18 MP: 0/0
    89 | D:1      | Found Ywkoc's Antique Armour Shop.
   152 | D:1      | Reached XP level 2. HP: 24/25 MP: 1/1
   571 | D:2      | Identified the ring of Midwinter {rF- Will+ Str+2 Int+3
                  | Dex+6}
   704 | D:2      | You fall into a shaft and drop 1 floor!
   709 | D:3      | Found a glowing drain.
   715 | D:3      | Reached skill level 5 in Bows
   717 | D:3      | Reached XP level 3. HP: 26/31 MP: 2/2
   727 | Sewer    | Entered a sewer
   924 | Sewer    | Reached XP level 4. HP: 38/38 MP: 3/3
   942 | Sewer    | Gained mutation: You are weak. (Str -2) [potion of
                  | mutation]
   973 | D:3      | Slain by a river rat

Illustrated notes

Levels and vault maps discovered:
D:1:      dpeg_arrival_tiny_a, layout_rooms, serial_glass, glass_columns_c,
          glass_columns_b, item_on_display_a, minmay_strange_pillars,
          serial_shops, shop
D:2:      layout_basic, serial_shops, nicolae_lakefront_shop
D:3:      layout_basic, serial_undead, serial_undead_d, serial_undead_f,
          serial_undead_e, serial_undead_d, portal_sewer_entry_f,
          shapermc_ecumenical_altar_gd

Skill      XL: |  1  2  3 |
---------------+----------+-----
Bows           | 5 |  5.5
Fighting       | 3 |  3.4
Dodging        | 3 |  3.1
Stealth        | |  0.7

Action                   |  1- 3 |  4- 6 || total
-------------------------+-------+-------++-------
 Fire: Shortbow          |   111 |    13 ||   124
  Use: Potion            |       |     2 ||     2
Armor: Leather armour    |    23 |     1 ||    24
Dodge: Dodged            |    39 |    16 ||    55

Table legend: (Time is in decaauts)
 A = Elapsed time spent in this place.
 B = Non-inter-level travel time spent in this place.
 C = Inter-level travel time spent in this place.
 D = Time resting spent in this place.
 E = Time spent auto-exploring this place.
 F = Levels seen in this place.
 G = Mean time per level.
                   A        B        C        D        E       F      G
               +--------+--------+--------+--------+--------+-----+--------+
         Total |   1050 |   1033 |     17 |      0 |    754 |   4 |  262.5 |
       Dungeon |    757 |    740 |     17 |      0 |    567 |   3 |  252.3 |
         Sewer |    292 |    292 |      0 |      0 |    187 |   1 |  292.0 |
               +--------+--------+--------+--------+--------+-----+--------+

Top non-repeatable levels by time:
     D:1: 569 daAuts
   Sewer: 292 daAuts
     D:2: 151 daAuts
     D:3: 37 daAuts
